 Dungeon Crawl Stone Soup version 0.22.1-1-ga44c0e5 (webtiles) character file.

183 Fang the Chopper (level 5, 0/33 HPs)
             Began as a Gargoyle Berserker on Oct 9, 2018.
             Was a Believer of Trog.
             Slain by a bullfrog (1 damage)
             ... on level 6 of the Dungeon.
             The game lasted 00:02:14 (1832 turns).

Fang the Chopper (Gargoyle Berserker)               Turns: 1832, Time: 00:02:15

Health: 0/33       AC: 15    Str: 22    XL:     5   Next: 62%
Magic:  5/5        EV:  7    Int:  7    God:    Trog [**....]
Gold:   158        SH:  0    Dex:  9    Spells: 4/4 levels left

rFire    . . .     SeeInvis .   a - +0 hand axe
rCold    . . .     Gourm    .   (no shield)
rNeg     + . .     Faith    .   l - +0 plate armour
rPois    ∞         Spirit   .   (no helmet)
rElec    +         Reflect  .   (no cloak)
rCorr    .         Harm     .   (no gloves)
MR       .....                  (no boots)
Stlth    ..........             (no amulet)
HPRegen  0.11/turn              e - ring of flight
MPRegen  0.09/turn              q - ring of stealth

@: no status effects
A: negative energy resistance 1, electricity resistance, unbreathing,
petrification resistance, rot immunity, AC +4
a: Berserk, Trog's Hand, Renounce Religion, Evoke Flight


You were on level 6 of the Dungeon.
You worshipped Trog.
Trog was pleased with you.
You were near starving.

You visited 1 branch of the dungeon, and saw 4 of its levels.

You collected 158 gold pieces.

Inventory:

Hand Weapons
 a - a +0 hand axe (weapon)
Armour
 l - a +0 plate armour (worn)
Jewellery
 e - a ring of flight (left hand)
 q - a ring of stealth (right hand)
Scrolls
 f - 3 scrolls of remove curse {unknown}
 h - a scroll of fear {unknown}
 i - a scroll of blinking {unknown}
 k - 3 scrolls of teleportation {unknown}
 n - a scroll of magic mapping {unknown}
 p - a scroll of enchant weapon {unknown}
Potions
 b - a potion of curing {unknown}
 d - 2 potions of haste {unknown}
 g - a potion of ambrosia {unknown}
 j - a potion of might {unknown}
 m - a potion of flight {unknown}
 o - a potion of agility {unknown}
Comestibles
 c - 4 rations


   Skills:
 + Level 4.1 Fighting
 + Level 4.4 Axes
 + Level 3.2 Armour
 + Level 2.1 Dodging
 + Level 0.2 Stealth


You had 4 spell levels left.
You didn't know any spells.
Your spell library was empty.

Dungeon Overview and Level Annotations

Branches:
Dungeon (3/15)

Altars:


Innate Abilities, Weirdness & Mutations

You are resistant to torment.
Your stone body is resilient. (AC +4)
You are immune to poison.
You resist negative energy. (rN+)
You are resistant to electric shocks. (rElec)
You can survive without breathing.
You are immune to petrification.
You are immune to rotting.


Message History

Unknown command.
You closely miss the hound.
The hound is heavily wounded.
You slash the jelly!
Your hands burn!
You hit the bullfrog. You barely miss the ice beast.
The hound bites you but does no damage. The bullfrog barely misses you.
The ice beast hits you. The ice beast freezes you!
* * * LOW HITPOINT WARNING * * *
The hound bites you but does no damage. The jelly hits you but does no damage.
The bullfrog hits you but does no damage.
You are too injured to fight recklessly!
Unknown command.
You are too injured to fight recklessly!
Unknown command.
You are too injured to fight recklessly!
The bullfrog hits you but does no damage.
The jelly hits you but does no damage.
The bullfrog hits you but does no damage.
The hound bites you but does no damage. The bullfrog hits you.
You die...

########
##......##
##........##
#..........#
##..........#####
........Y........
#.....Jh@..##...
#......F....?..#
##.(.Z....###..#
............. ##
##..........#..
#..........$...
#..........##.#
#..........#


You could see an ice beast, a bullfrog, a hound, a jelly and a howler monkey
zombie.

Vanquished Creatures
  An orc priest (D:3)
  2 adders (D:3)
  7 gnolls (D:2)
  An ooze (D:2)
  An adder skeleton (D:6)
  2 worms (D:2)
  A dart slug (D:1)
  2 leopard geckos
  4 orcs (D:3)
  3 giant cockroaches
  5 goblins
  2 hobgoblins (D:1)
  2 jackals (D:2)
  6 kobolds
  4 bats
  5 frilled lizards
  5 rats
53 creatures vanquished.

Notes
Turn   | Place    | Note
-------+----------+-------------------------------------------
     0 | D:1      | Fang the Gargoyle Berserker began the quest for the Orb.
     0 | D:1      | Reached XP level 1. HP: 14/14 MP: 1/1
   245 | D:1      | Reached XP level 2. HP: 16/19 MP: 2/2
   840 | D:2      | Reached XP level 3. HP: 23/23 MP: 3/3
   875 | D:2      | Reached XP level 4. HP: 15/29 MP: 4/4
   886 | D:2      | Reached ** piety under Trog
  1300 | D:2      | Reached XP level 5. HP: 30/33 MP: 5/5
  1487 | D:3      | HP: 2/49 [orc priest/nerve-wracking pain (3)]
  1821 | D:3      | You fall through a shaft for 3 floors!
  1823 | D:6      | Noticed an ice beast
  1830 | D:6      | HP: 1/33 [ice beast (14)]
  1832 | D:6      | Slain by a bullfrog

Skill      XL: |  1  2  3  4  5 |
---------------+----------------+-----
Axes           | 3 4 |  4.4
Dodging        | 2 |  2.1
Armour         | 3 |  3.2
Fighting       | 4 |  4.1
Stealth        | |  0.2

Action                   |  1- 3 |  4- 6 || total
-------------------------+-------+-------++-------
Melee: Hand axe          |    82 |    84 ||   166
Invok: Berserk           |     1 |     1 ||     2
  Eat: Chunk             |       |     3 ||     3
Armor: Animal skin       |     9 |       ||     9
       Plate armour      |    49 |   108 ||   157
Dodge: Dodged            |    41 |    47 ||    88
